 Dungeon Crawl Stone Soup version 0.24.1-4-ge52af88ad5 (webtiles) character file.

Game seed: 13827754142687956183, levelgen mode: deterministic

92 MajorAdolf the Covered (level 4, -5/39 HPs)
             Began as a Naga Wanderer on Apr 13, 2020.
             Slain by an ogre
             ... wielding a +0 giant spiked club
              (24 damage)
             ... on level 2 of the Dungeon.
             The game lasted 00:04:50 (2963 turns).

MajorAdolf the Covered (Naga Wanderer)              Turns: 2963, Time: 00:04:50

Health: -5/39      AC:  8    Str: 18    XL:     4   Next: 60%
Magic:  8/8        EV:  5    Int: 13    God:
Gold:   63         SH:  0    Dex:  7    Spells: 8/9 levels left

rFire    . . .     SeeInvis +   j - +0 short sword
rCold    . . .     Gourm    +   (no shield)
rNeg     . . .     Faith    .   s - +0 chain mail
rPois    +         Spirit   .   m - +2 hat
rElec    .         Reflect  .   (no cloak)
rCorr    .         Harm     .   (no gloves)
MR       .....                  (no barding)
Stlth    ..........             o - amulet of the gourmand
HPRegen  0.13/turn              (no ring)
MPRegen  0.11/turn              (no ring)

@: very slow
A: large, see invisible, deformed body, poison resistance, slowness 2, slow
metabolism 1, spit poison 1, AC +1
a: Spit Poison


You were on level 2 of the Dungeon.
You were not hungry.

You visited 1 branch of the dungeon, and saw 2 of its levels.

You collected 63 gold pieces.

Inventory:

Hand Weapons
 j - a +0 short sword (weapon)
Armour
 m - a +2 hat (worn)
 s - a +0 chain mail (worn)
Jewellery
 b - an uncursed ring of ice {unknown}
 o - an amulet of the gourmand (around neck)
 q - an uncursed ring of resist corrosion {unknown}
Scrolls
 g - 4 scrolls of teleportation
 h - a scroll of magic mapping {unknown}
 r - a scroll of enchant armour {unknown}
Potions
 a - a potion of cancellation {unknown}
 c - 3 potions of curing
 i - a potion of lignification {unknown}
 k - a potion of flight {unknown}
 l - a potion of agility {unknown}
 n - a potion of magic {unknown}
 p - 2 potions of degeneration {unknown}
 t - a potion of heal wounds {unknown}
Comestibles
 f - 6 rations


   Skills:
 - Level 2.0 Fighting
 + Level 3.4 Armour
 + Level 0.5 Dodging
 - Level 1.5 Stealth
 - Level 3.0 Spellcasting
 - Level 2.0 Conjurations
   Level 1.0 Evocations


You had 8 spell levels left.
You knew the following spells:

 Your Spells              Type           Power        Failure   Level  Hunger
a - Magic Dart            Conj           #...         78%         1    #......

Your spell library contained the following spells:

 Spells                   Type           Power        Failure   Level  Hunger
 Searing Ray              Conj           #.....       89%         2    ###....
 Song of Slaying          Chrm           #.......     99%         2    ###....
 Swiftness                Chrm/Air       #.......     99%         2    ###....
 Dazzling Spray           Conj/Hex       #.....       99%         3    ###....
 Force Lance              Conj/Tloc      #.......     100%        4    #####..
 Fulminant Prism          Conj/Hex       #.........   100%        4    #####..
 Iskenderun's Mystic Bla  Conj           #.......     100%        4    #####..


Dungeon Overview and Level Annotations

Branches:
Dungeon (2/15)

Altars:

Annotations:
D:1 exclusions: dart slug, gnoll, hobgoblin and ooze


Innate Abilities, Weirdness & Mutations

You cannot wear boots.
Your serpentine skin is tough. (AC +1)
You have supernaturally acute eyesight. (SInv)
Armour fits poorly on your strangely shaped body.
Your system is resistant to poisons. (rPois)
You cover ground very slowly.
You have a slow metabolism.
You can spit poison.


Message History

The ogre shouts!
The ogre hits you with a +0 giant spiked club!!
Ouch! That really hurt!
An ogre is nearby!
An ogre is nearby!
You aren't carrying any items that you can evoke.
Okay, then.
Okay, then.
Okay, then.
Okay, then.
Okay, then.
As you read the scroll labeled TYMEBETOGREA, it crumbles to dust.
You feel blessed for a moment.
It was a scroll of remove curse.
Okay, then.
As you read the scroll labeled ZUASUDWOIM, it crumbles to dust.
It is a scroll of identify.
g - 4 scrolls of teleportation The ogre hits you with a +0 giant spiked club!!
Ouch! That really hurt!
You die...

......+.# #..#
..#...#####..#######
..#................#
..#....#####.#####.#
..#....# #..# ..#....#
#..#### ..#....#
##>...#
..#....#########O#
###.............@#
###...#########..###.#
..'...'...#..........#
###...###.#.##########
##### #.#.# #.#.#
#.#.# #...# ###.#


You could see an ogre.

Vanquished Creatures
  Robin (D:2)
  2 adders
  A worm (D:2)
  3 dart slugs
  4 leopard geckos
  A giant cockroach (D:1)
  10 goblins (D:2)
  6 hobgoblins
  5 jackals
  A ball python (D:2)
  4 bats
  A frilled lizard (D:2)
  4 kobolds
  A quokka zombie (D:2)
  7 rats
51 creatures vanquished.

Notes
Turn   | Place    | Note
-------+----------+-------------------------------------------
     0 | D:1      | MajorAdolf the Naga Wanderer began the quest for the Orb.
     0 | D:1      | MajorAdolf set off with the following items: a +0 club, a
                  | potion of curing, a +0 robe, a ration; and the following
                  | spell memorised: Magic Dart; and the following spells
                  | available to memorise: Searing Ray, Song of Slaying,
                  | Swiftness, Dazzling Spray, Iskenderun's Mystic Blast, Force
                  | Lance, Fulminant Prism
     0 | D:1      | Reached XP level 1. HP: 19/19 MP: 4/4
   204 | D:1      | Reached XP level 2. HP: 26/26 MP: 6/6
  1451 | D:1      | Reached XP level 3. HP: 32/32 MP: 7/7
  2251 | D:2      | Reached XP level 4. HP: 39/39 MP: 8/8
  2278 | D:2      | Noticed Robin
  2415 | D:2      | Killed Robin
  2961 | D:2      | Noticed an ogre
  2963 | D:2      | Slain by an ogre

Levels and vault maps discovered:
D:1:      tarquinn_simple_flora_water_e, layout_basic
D:2:      layout_basic, first_ration, uniq_robin

Skill      XL: |  1  2  3 |
---------------+----------+-----
Armour         | 2 3 |  3.4
Fighting       | |  2.0
Dodging        | |  0.5
Stealth        | |  1.5
Spellcasting   | |  3.0
Conjurations   | |  2.0
Evocations     | |  1.0

Action                   |  1- 3 |  4- 6 || total
-------------------------+-------+-------++-------
Melee: Unarmed           |     3 |       ||     3
       Short sword       |    73 |    84 ||   157
 Abil: Spit Poison       |    30 |     3 ||    33
  Use: Scroll            |       |     2 ||     2
 Stab: Sleeping          |     1 |       ||     1
  Eat: Chunk             |     4 |     8 ||    12
Armor: Robe              |     7 |       ||     7
       Chain mail        |    30 |    53 ||    83
       Ring mail         |    26 |       ||    26
Dodge: Dodged            |    64 |    17 ||    81
